 Dungeon Crawl Stone Soup version 0.22-a0-553-g9358b0b (webtiles) character file.

286668 kae the Black Belt (level 19, -7/151 HPs)
             Began as a Demonspawn Transmuter on June 25, 2018.
             Was the Champion of Okawaru.
             Mangled by a vault warden
             ... wielding a cursed -1 dire flail
              (22 damage)
             ... on level 3 of the Vaults.
             The game lasted 01:12:21 (46512 turns).

kae the Black Belt (Demonspawn Transmuter)         Turns: 46512, Time: 01:12:22

Health: -7/151     AC: 25    Str: 15    XL:     19   Next: 84%
Magic:  0/34       EV: 26    Int: 17    God:    Okawaru [******]
Gold:   2958       SH:  0    Dex: 21    Spells: 23/40 levels left

rFire    + . .     SeeInvis .     - Unarmed
rCold    + . .     Gourm    .   (no shield)
rNeg     . . .     Faith    .   M - +1 ring mail of Okawaru's Approval {rF+ Str+4 Stlth+}
rPois    +         Spirit   +   (helmet unavailable)
rElec    +         Reflect  .   X - +2 cloak of the Old World {rElec rPois}
rCorr    .         Harm     .   (no gloves)
MR       ++...                  z - +2 pair of boots {Fly}
Stlth    ++........             b - amulet of guardian spirit
HPRegen  0.35/turn              n - +6 ring of evasion
MPRegen  0.24/turn              l - +4 ring of protection

@: flying
A: horns 3, iridescent scales 3, clever 1, cold resistance 1, magic resistance
1, powered by death 2, spiny 3, freezing cloud immunity
}: 2/15 runes: decaying, gossamer
a: Heroism, Finesse, Renounce Religion, Stop Flying


You were on level 3 of the Vaults.
You worshipped Okawaru.
Okawaru was exalted by your worship.
You were not hungry.

You visited 6 branches of the dungeon, and saw 34 of its levels.
You visited the Abyss 1 time.
You also visited: Labyrinth and Sewer.

You collected 3643 gold pieces.
You spent 685 gold pieces at shops.

Inventory:

Missiles
 a - 1106 arrows
Armour
 u - a +2 hat
 z - a +2 pair of boots of flying (worn)
 J - a +1 chain mail of poison resistance
 M - the +1 ring mail of Okawaru's Approval (worn) {rF+ Str+4 Stlth+}
   (Okawaru gifted it to you on level 13 of the Dungeon)

   It affects your strength (+4).
   It protects you from fire.
   It makes you more stealthy.
 N - a +5 ring mail of magic resistance
 P - a scarf of cloud immunity
 X - the +2 cloak of the Old World (worn) {rElec rPois}
   (You bought it in a shop on level 2 of the Orcish Mines)

   It insulates you from electricity.
   It protects you from poison.
Jewellery
 b - an amulet of guardian spirit (around neck)
 h - an uncursed ring of ice
 j - an uncursed ring of protection from fire
 l - a +4 ring of protection (right hand)
 n - a +6 ring of evasion (left hand)
 o - an uncursed ring of protection from fire
 F - an uncursed amulet of regeneration
 V - an uncursed ring of resist corrosion
Wands
 k - a wand of flame (34)
 t - a wand of polymorph (20)
 y - a wand of paralysis (43)
 A - a wand of enslavement (33)
 G - a wand of iceblast (19)
 K - a wand of digging (49)
 L - a wand of acid (2)
 O - a wand of scattershot (6)
 R - a wand of clouds (4)
 T - a wand of random effects (23)
Scrolls
 c - a scroll of summoning
 e - 5 scrolls of immolation
 g - 5 scrolls of fog
 i - 13 scrolls of remove curse
 p - 6 scrolls of identify
 x - 5 scrolls of enchant armour
 B - 3 scrolls of teleportation
 D - 3 scrolls of amnesia
 Q - 2 scrolls of enchant weapon
 U - a scroll of fear
 Z - 2 scrolls of magic mapping
Potions
 f - 3 potions of cancellation
 m - a potion of invisibility
 q - 13 potions of brilliance
 r - 4 potions of agility
 s - 8 potions of lignification
 v - 4 potions of heal wounds
 w - 3 potions of might
 C - 2 potions of berserk rage
 E - 7 potions of ambrosia
 H - 3 potions of mutation
 I - a potion of haste
 S - 3 potions of resistance
 Y - 5 potions of curing
Comestibles
 d - 33 rations
 W - 3 chunks of flesh


   Skills:
 + Level 13.8 Fighting
 + Level 11.6 Armour
 + Level 11.7 Dodging
 + Level 16.2 Unarmed Combat
 - Level 11.0 Spellcasting
 - Level 14.5 Transmutations
 - Level 14.0 Invocations
 + Level 7.7 Evocations


You had 23 spell levels left.
You knew the following spells:

 Your Spells              Type           Power        Failure   Level  Hunger
a - Beastly Appendage     Tmut           ######       1%          1    None
b - Sticks to Snakes      Tmut           ######..     1%          2    None
c - Spider Form           Tmut/Pois      ####......   1%          3    None
d - Blade Hands           Tmut           ######....   1%          5    #####..
e - Ice Form              Ice/Tmut       ####....     6%          4    ###....
f - Confusing Touch       Hex            #.....       13%         1    None
g - Apportation           Tloc           #.....       13%         1    None

Your spell library contained the following spells:

 Spells                   Type           Power        Failure   Level  Hunger
 Fireball                 Conj/Fire      #.........   98%         5    #####..
 Bolt of Fire             Conj/Fire      #.........   100%        6    ######.
 Confuse                  Hex            #.......     36%         3    None
 Throw Frost              Conj/Ice       #.....       19%         2    None
 Ring of Flames           Chrm/Fire      #.........   100%        7    #######
 Summon Small Mammal      Summ           #...         13%         1    None
 Animate Skeleton         Necr           N/A          13%         1    None
 Freeze                   Ice            #...         13%         1    None
 Summon Ice Beast         Ice/Summ       #.......     77%         4    ###....
 Ozocubu's Armour         Chrm/Ice       #.......     36%         3    None
 Sublimation of Blood     Necr           #.........   19%         2    None
 Corpse Rot               Necr           N/A          19%         2    None
 Stone Arrow              Conj/Erth      #.....       36%         3    None
 Throw Icicle             Conj/Ice       #.......     77%         4    ###....
 Passwall                 Tmut/Erth      ####....     1%          2    None
 Ignite Poison            Fire/Tmut/Pois ####....     5%          3    None
 Metabolic Englaciation   Hex/Ice        #.........   98%         5    #####..
 Alistair's Intoxication  Tmut/Pois      ####....     19%         5    #####..
 Lee's Rapid Deconstruct  Erth           #.........   98%         5    #####..
 Sandblast                Erth           #.....       13%         1    None
 Petrify                  Tmut/Erth      ####....     6%          4    ###....
 Leda's Liquefaction      Hex/Erth       #.........   77%         4    ###....
 Summon Hydra             Summ           #.........   100%        7    #######
 Summon Forest            Summ/Tloc      #.........   98%         5    #####..
 Hydra Form               Tmut           ######....   4%          6    ######.
 Irradiate                Conj/Tmut      ####......   19%         5    #####..
 Gell's Gravitas          Tloc           #.........   36%         3    None
 Yara's Violent Unravell  Hex/Tmut       ####......   19%         5    #####..
 Ignition                 Fire           #.........   100%        8    #######


Dungeon Overview and Level Annotations

Branches:
Dungeon (15/15)            Temple (0/1) D:7            Lair (6/6) D:10
  Swamp (4/4) Lair:2       Spider (4/4) Lair:3        Slime (0/5) Lair:6
    Orc (2/2) D:12            Elf (0/3) Orc:2        Vaults (3/5) D:14
  Crypt (0/3) Vaults:2     Depths (0/5) D:15

Altars:
Ashenzari
Cheibriados
Dithmenos
Okawaru
Qazlal
Wu Jian
Xom
Zin
Jiyva

Shops:
D:6 *   D:11 [   D:14 %   Orc:2 *==[   Vaults:1 *

Annotations:
D:5 2 transporters
D:9 2 transporters
D:15 exclusion: fire giant
Lair:1 1 runed door, Amnesiac's ghost, journeyman SpEE
Lair:6 1 runed door, exclusion: 2 oklob plants
Spider:3 1 runed door, Caurain's ghost, journeyman DDGl
Vaults:2 exclusion: obsidian statue


Innate Abilities, Weirdness & Mutations

You have a pair of large horns on your head.
You are completely covered in iridescent scales. (AC +6)
Your flesh is cold resistant. (rC+)
You regenerate health from kills.
You are completely covered in sharp spines.
You are immune to freezing clouds.
Your mind is acute. (Int +2)
You are resistant to hostile enchantments. (MR+)


Message History

The vault warden activates a sealing rune.
A door slams shut!
The vault warden hits you but does no damage.
You hit the vault warden but do no damage.
You hit the vault warden but do no damage.
You headbutt the vault warden. Your slash misses the vault warden.
The vault warden is lightly wounded.
Your hands revert to their normal proportions.
The vault warden is struck by your spines.
The vault warden hits you with a dire flail!
* * * LOW HITPOINT WARNING * * *
You hit the vault warden. You headbutt the vault warden!
The vault warden is moderately wounded.
The yaktaur is struck by your spines.
The yaktaur hits you with an enchanted arbalest!
* * * LOW HITPOINT WARNING * * *
You hit the vault warden.
The vault warden is moderately wounded.
The vault warden hits you with a dire flail!!
You die...

########################
........................
.......(....(()..c......
..........(.....@p......
.........(..............
#####'###+#########+####
#...#...#...# ..
#...........# ..
#...#...#...# .
##.###.###.## #... ...#
..# #...#...# .#


You could see a vault warden and a yaktaur.

Vanquished Creatures
  Mara (Vaults:3)
  Saint Roka (Vaults:2)
  Nikola (Vaults:1)
  Jory (Vaults:3)
  A tentacled monstrosity (Swamp:2)
  Asterion (Vaults:3)
  Rupert (D:13)
  3 thorn hunters (Swamp:4)
  A fire giant (Vaults:3)
  6 vault wardens
  3 ghost moths (Spider:4)
  8 emperor scorpions
  9 ironheart preservers
  2 stone giants
  A deep elf demonologist (Vaults:3)
  2 very ugly things (Vaults:3)
  Nessos (Lair:4)
  3 entropy weavers (Spider:1)
  3 spark wasps
  Azrael (D:14)
  A deep elf annihilator (Vaults:1)
  Snorg (Lair:4)
  A minotaur (Lab)
  An eidolon (Abyss:3)
  A deep elf death mage (Vaults:1)
  Josephine (D:14)
  A fire dragon (Vaults:1)
  5 yaktaur captains
  A great orb of eyes (Vaults:1)
  An ice dragon (Vaults:1)
  3 rakshasas
  Fannar (Lair:1)
  27 hydras
  Harold (D:12)
  6 vault guards
  Erica (D:8)
  8 centaur warriors
  4 death knights
  A tengu warrior (D:13)
  A catoblepas (Lair:3)
  A deep troll shaman (Vaults:1)
  A queen ant (Spider:1)
  27 two-headed ogres
  11 alligators
  8 ogre magi
  2 large abominations (Abyss:3)
  Urug (Lair:4)
  5 thrashing horrors (Abyss:3)
  3 orc high priests (Orc:2)
  A fire crab (D:13)
  A wretched star (Abyss:3)
  3 skeletal warriors (Vaults:1)
  A spriggan druid (Swamp:4)
  4 wizards
  8 swamp dragons
  3 shambling mangroves
  A deep elf archer (Vaults:1)
  14 deep trolls
  A deep troll (shapeshifter) (Vaults:2)
  7 ironbrand convokers
  9 orc knights
  2 necromancers (Vaults:1)
  17 orb spiders
  6 orc sorcerers
  4 deep elf magi
  A manticore (D:13)
  34 wolf spiders
  7 cyclopes
  10 ugly things
  A sphinx skeleton (Vaults:1)
  2 stone giant skeletons (Vaults:1)
  2 centaur zombies
  3 moths of wrath
  Maurice (D:8)
  4 vault sentinels
  A torpor snail (Spider:3)
  3 black mambas
  4 gargoyles (Lab)
  6 centaur skeletons
  15 spiny frogs
  A rime drake (Lair:6)
  An elf (Vaults:1)
  3 kobold demonologists (D:13)
  An efreet (D:15)
  15 demonic crawlers
  20 yaktaurs
  A tengu conjurer (D:10)
  3 komodo dragons
  9 trolls
  42 jumping spiders
  A human skeleton (Vaults:1)
  A troll (shapeshifter) (Vaults:3)
  5 polar bears
  A blink frog (shapeshifter) (Vaults:2)
  Grinder (Sewer)
  A wind drake (shapeshifter) (Vaults:3)
  32 hornets
  4 bog bodies
  36 slime creatures
  10 hippogriffs
  9 tyrant leeches
  7 blink frogs
  8 dream sheep (Lair:6)
  A shadow (D:14)
  63 redbacks
  17 spriggans
  3 wyverns
  2 basilisks
  33 tarantellas
  12 wraiths
  34 yaks
  A fire elemental (D:14)
  8 vampire mosquitoes
  A human (shapeshifter) (Vaults:3)
  4 hungry ghosts
  A steam dragon (D:11)
  2 wargs
  Menkaure (D:6)
  22 soldier ants
  13 swamp worms
  10 insubstantial wisps
  3 acid dragons
  3 hell hounds (D:14)
  11 water moccasins
  Duvessa (D:6)
  9 porcupines
  14 swamp drakes
  A meliai simulacrum (D:14)
  2 hornet zombies
  31 orc warriors
  An orc zombie (Vaults:1)
  An eye of draining (D:13)
  2 ice beasts (D:9)
  4 sky beasts
  2 black bears
  2 human zombies (Vaults:1)
  A necrophage (D:11)
  5 phantoms
  29 ogres
  41 wolves
  7 boggarts
  20 centaurs
  7 crocodiles
  6 big kobolds
  18 bullfrogs
  Dowan (D:6)
  A glowing shapeshifter simulacrum (Vaults:1)
  3 small abominations (Abyss:3)
  28 scorpions (Spider:3)
  3 troll skeletons (Lab)
  4 wights
  An elf simulacrum (Vaults:1)
  2 electric eels
  A howler monkey (D:6)
  A spriggan skeleton (Lab)
  8 crimson imps
  3 jellies
  A quasit (Sewer)
  A human simulacrum (Vaults:1)
  4 hounds
  26 orc wizards
  A gnoll shaman (D:9)
  22 orc priests
  An iguana (D:5)
  An iron imp (D:5)
  A bullfrog skeleton (D:6)
  34 worker ants
  4 hell rats (Lair:2)
  A killer bee zombie (D:8)
  5 big kobold zombies (Sewer)
  A hound zombie (D:7)
  11 adders
  8 gnolls
  3 river rats (Lair:2)
  7 shadow imps
  12 white imps (D:11)
  4 oozes
  3 ufetubi (Sewer)
  An adder zombie (D:6)
  4 worms
  4 dart slugs
  11 leopard geckos
  91 orcs
  11 bats
  A bat zombie (Sewer)
  11 giant cockroaches
  5 goblins
  3 hobgoblins
  14 jackals
  6 quokkas
  4 ball pythons
  3 frilled lizards
  A jackal skeleton (D:8)
  35 kobolds
  A kobold zombie (Sewer)
  A leopard gecko skeleton (D:4)
  A quokka zombie (D:8)
  12 rats
  A fungus (Lair:6)
1441 creatures vanquished.

Vanquished Creatures (collateral kills)
  An ogre (D:4)
  2 wights (D:7)
  An orc (D:3)
  A goblin (D:3)
  A kobold (D:3)
6 creatures vanquished.

Vanquished Creatures (others)
  An ironheart preserver (Vaults:1)
  2 vault guards (Vaults:1)
  A tarantella (Spider:2)
  An ooze (Sewer)
  13 fungi
  4 plants
22 creatures vanquished.

Grand Total: 1469 creatures vanquished

Notes
Turn   | Place    | Note
-------+----------+-------------------------------------------
     0 | D:1      | kae the Demonspawn Transmuter began the quest for the Orb.
     0 | D:1      | Reached XP level 1. HP: 15/15 MP: 3/3
   528 | D:1      | Gained mutation: You are partially covered in sharp spines. [demonic ancestry]
   528 | D:1      | Reached XP level 2. HP: 4/21 MP: 5/5
   534 | D:1      | Reached skill level 3 in Unarmed Combat
   537 | D:1      | HP: 1/21 [kobold (1)]
   860 | D:1      | Gained mutation: You have a pair of small horns on your head. [demonic ancestry]
   860 | D:1      | Reached XP level 3. HP: 20/26 MP: 6/6
  2049 | D:2      | Learned a level 2 spell: Sticks to Snakes
  2053 | D:2      | Learned a level 3 spell: Spider Form
  2074 | D:2      | Reached XP level 4. HP: 33/33 MP: 4/7
  2958 | D:3      | Gained mutation: You are partially covered in iridescent scales. (AC +2) [demonic ancestry]
  2958 | D:3      | Reached XP level 5. HP: 38/38 MP: 6/8
  3251 | D:4      | Noticed a water moccasin
  3398 | D:4      | Found a shimmering altar of Xom.
  3439 | D:4      | Reached skill level 4 in Unarmed Combat
  3579 | D:4      | Gained mutation: You are mostly covered in sharp spines. [demonic ancestry]
  3579 | D:4      | Reached XP level 6. HP: 41/46 MP: 7/10
  3589 | D:4      | Killed a water moccasin
  4033 | D:4      | Gained mutation: You are completely covered in sharp spines. [demonic ancestry]
  4033 | D:4      | Reached XP level 7. HP: 52/52 MP: 7/11
  4081 | D:4      | Found an iron altar of Okawaru.
  4092 | D:4      | Became a worshipper of Warmaster Okawaru
  4197 | D:4      | Reached skill level 5 in Unarmed Combat
  4333 | D:5      | Entered Level 5 of the Dungeon
  4365 | D:5      | Found a glowing drain.
  4402 | Sewer    | Entered a sewer
  4453 | Sewer    | Reached skill level 1 in Invocations
  4539 | Sewer    | Found a burning altar of Makhleb.
  4583 | Sewer    | Noticed Grinder
  4615 | Sewer    | Paralysed by Grinder for 5 turns
  4627 | Sewer    | Killed Grinder
  4627 | Sewer    | Reached * piety under Okawaru
  4627 | Sewer    | Reached skill level 5 in Transmutations
  4627 | Sewer    | Gained mutation: You are mostly covered in iridescent scales. (AC +4) [demonic ancestry]
  4627 | Sewer    | Reached XP level 8. HP: 17/60 MP: 1/13
  5191 | D:5      | Found a transporter.
  5207 | D:5      | Found a snail-covered altar of Cheibriados.
  5233 | D:5      | Found a shimmering altar of Xom.
  5718 | D:5      | Found a transporter.
  6046 | D:6      | Reached skill level 6 in Unarmed Combat
  6050 | D:6      | Noticed Dowan
  6051 | D:6      | Noticed Duvessa
  6070 | D:6      | Killed Duvessa
  6075 | D:6      | Killed Dowan
  6270 | D:6      | Noticed Menkaure
  6280 | D:6      | Killed Menkaure
  6470 | D:6      | Found an ornate altar of the Wu Jian Council.
  6808 | D:6      | Reached XP level 9. HP: 59/66 MP: 12/15
  6818 | D:6      | Found Wushaugi's Serpentskin Sales.
  7284 | D:7      | Reached ** piety under Okawaru
  7574 | D:7      | Reached skill level 7 in Unarmed Combat
  7582 | D:7      | Reached skill level 5 in Fighting
  7651 | D:7      | Found a staircase to the Ecumenical Temple.
  7717 | D:7      | Reached skill level 5 in Invocations
  7759 | D:7      | Reached skill level 5 in Spellcasting
  8316 | D:8      | Noticed Erica
  8330 | D:8      | Killed Erica
  8330 | D:8      | Reached *** piety under Okawaru
  8477 | D:8      | Noticed Maurice
  8485 | D:8      | Killed Maurice
  8485 | D:8      | Reached **** piety under Okawaru
  8485 | D:8      | Gained mutation: You regenerate a little health from kills. [demonic ancestry]
  8485 | D:8      | Reached XP level 10. HP: 75/75 MP: 18/18
  9272 | D:9      | Reached skill level 8 in Unarmed Combat
  9759 | D:9      | Found a transporter.
  9759 | D:9      | Found a stormy altar of Qazlal.
  9779 | D:9      | Found a transporter.
  9811 | D:9      | Noticed a seven-headed hydra
 10092 | D:10     | Entered Level 10 of the Dungeon
 10513 | D:10     | Reached ***** piety under Okawaru
 10649 | D:10     | Found a staircase to the Lair.
 10752 | D:10     | Reached skill level 1 in Armour
 10985 | D:11     | Found a frozen archway.
 11122 | D:11     | Reached XP level 11. HP: 81/83 MP: 20/20
 11132 | D:11     | Noticed a seven-headed hydra
 11272 | D:11     | Noticed a five-headed hydra
 11279 | D:11     | Killed a five-headed hydra
 11279 | D:11     | Received a gift from Okawaru
 11279 | D:11     | Reached skill level 9 in Unarmed Combat
 11691 | D:11     | Found Wielyi's Antique Armour Shop.
 11885 | D:11     | Noticed a green ugly thing
 11908 | D:11     | Killed a green ugly thing
 12023 | D:10     | Learned a level 5 spell: Blade Hands
 12028 | D:10     | Learned a level 4 spell: Ice Form
 12030 | D:10     | Learned a level 1 spell: Confusing Touch
 12112 | Lair:1   | Entered Level 1 of the Lair of Beasts
 12122 | Lair:1   | Noticed Fannar
 12136 | Lair:1   | Killed Fannar
 12671 | Lair:1   | Noticed a six-headed hydra
 12685 | Lair:1   | Killed a six-headed hydra
 13273 | Lair:1   | Noticed a five-headed hydra
 13290 | Lair:1   | Killed a five-headed hydra
 13469 | Lair:1   | Found a runed door.
 13470 | Lair:1   | Found a shimmering altar of Xom.
 13470 | Lair:1   | Noticed Amnesiac's ghost (journeyman SpEE)
 13470 | Lair:1   | Noticed a long sword of chaos
 13624 | Lair:1   | Noticed a four-headed hydra
 13634 | Lair:1   | Killed a four-headed hydra
 13634 | Lair:1   | Reached XP level 12. HP: 91/91 MP: 15/22
 13839 | Lair:2   | Found a labyrinth entrance.
 13910 | Lair:2   | Reached skill level 10 in Unarmed Combat
 14332 | Lab      | Entered a labyrinth
 14719 | Lab      | Received a gift from Okawaru
 14770 | Lab      | Reached skill level 10 in Transmutations
 14813 | Lab      | Found an exit through the horrors of the Abyss.
 14962 | Lab      | Learned a level 1 spell: Apportation
 15050 | Lab      | Noticed a minotaur
 15059 | Lab      | HP: 3/91 [minotaur/warped hand axe {antimagic} (12)]
 15061 | Lab      | Killed a minotaur
 15744 | Lair:2   | Found a staircase to the Swamp.
 15920 | Lair:3   | Noticed a four-headed hydra
 15934 | Lair:3   | Noticed a six-headed hydra
 15936 | Lair:3   | Killed a four-headed hydra
 16188 | Lair:3   | Noticed a catoblepas
 16195 | Lair:3   | Killed a catoblepas
 16195 | Lair:3   | Received a gift from Okawaru
 16384 | Lair:3   | Found a hole to the Spider Nest.
 16513 | Lair:3   | Killed a six-headed hydra
 17086 | Lair:4   | Noticed Urug
 17106 | Lair:4   | Gained mutation: Your mind is acute. (Int +2) [potion of mutation]
 17106 | Lair:4   | Gained mutation: You are resistant to hostile enchantments. (MR+) [potion of mutation]
 17463 | Lair:4   | Noticed Nessos
 17876 | Lair:4   | Noticed a four-headed hydra
 17886 | Lair:4   | Killed a four-headed hydra
 17886 | Lair:4   | Reached skill level 5 in Dodging
 17997 | Lair:4   | Killed Nessos
 17997 | Lair:4   | Gained mutation: You regenerate health from kills. [demonic ancestry]
 17997 | Lair:4   | Reached XP level 13. HP: 62/98 MP: 11/24
 18204 | Lair:4   | Noticed Snorg
 18216 | Lair:4   | Killed Snorg
 18475 | Lair:4   | Killed Urug
 18475 | Lair:4   | Reached skill level 11 in Unarmed Combat
 19565 | Lair:5   | Received a gift from Okawaru
 19593 | Lair:6   | Entered Level 6 of the Lair of Beasts
 19747 | Lair:6   | Reached skill level 5 in Armour
 19747 | Lair:6   | Reached skill level 10 in Invocations
 20218 | Lair:6   | Found a runed door.
 20220 | Lair:6   | Found a viscous altar of Jiyva.
 20220 | Lair:6   | Noticed an azure jelly
 20222 | Lair:6   | Found a staircase to the Slime Pits.
 20222 | Lair:6   | Noticed an azure jelly
 20223 | Lair:6   | Noticed an azure jelly
 20877 | Lair:6   | Received a gift from Okawaru
 21929 | D:12     | Found a shattered altar of Ashenzari.
 22044 | D:12     | Noticed Harold
 22062 | D:12     | Killed Harold
 22241 | D:12     | Found a staircase to the Orcish Mines.
 22508 | D:12     | Reached ****** piety under Okawaru
 22518 | D:12     | HP: 6/121 [very large slime creature (46)]
 22729 | D:12     | Gained mutation: You have a pair of horns on your head. [demonic ancestry]
 22729 | D:12     | Reached XP level 14. HP: 75/108 MP: 21/26
 23349 | D:13     | Noticed Rupert
 23366 | D:13     | Killed Rupert
 23686 | D:13     | Received a gift from Okawaru
 23989 | D:13     | Reached skill level 12 in Unarmed Combat
 24053 | D:13     | Got a warped ring mail {god gift}
 24064 | D:13     | Identified the +1 ring mail of Okawaru's Approval {rF+ Str+4 Stlth+} (Okawaru gifted it to you on level 13 of the Dungeon)
 25044 | Orc:1    | Entered Level 1 of the Orcish Mines
 25305 | Orc:2    | Entered Level 2 of the Orcish Mines
 25827 | Orc:2    | Found a staircase to the Elven Halls.
 26237 | Orc:2    | Received a gift from Okawaru
 26887 | Orc:2    | Found Votize's Assorted Antiques.
 26887 | Orc:2    | Found Teacla's Jewellery Emporium.
 26889 | Orc:2    | Found Ymemefer's Jewellery Boutique.
 26889 | Orc:2    | Found Dioweime's Armour Emporium.
 26895 | Orc:2    | Bought a scroll labeled QIZECA RENGEGG for 35 gold pieces
 26902 | Orc:2    | Bought the +2 cloak of the Old World {rElec rPois} for 555 gold pieces
 27192 | D:14     | Noticed Azrael
 27203 | D:14     | Killed Azrael
 27520 | D:14     | Found Gooff's Food Emporium.
 27533 | D:14     | Noticed Josephine
 27535 | D:14     | Gained mutation: Your flesh is cold resistant. (rC+) [demonic ancestry]
 27535 | D:14     | Reached XP level 15. HP: 108/115 MP: 21/28
 27545 | D:14     | Killed Josephine
 27873 | D:14     | Received a gift from Okawaru
 28021 | D:14     | Found a gate to the Vaults.
 28295 | D:14     | Found a shadowy altar of Dithmenos.
 28350 | D:15     | Entered Level 15 of the Dungeon
 28561 | D:15     | Reached skill level 10 in Fighting
 28743 | D:15     | Found a staircase to the Depths.
 28744 | D:15     | Noticed a fire giant
 30193 | Spider:1 | Entered Level 1 of the Spider Nest
 30259 | Spider:1 | Received a gift from Okawaru
 30433 | Spider:1 | Reached skill level 13 in Unarmed Combat
 30978 | Spider:1 | Identified the +1 leather armour of Repulsion {rF+ MR- SInv} (You found it on level 1 of the Spider Nest)
 31416 | Spider:2 | Received a gift from Okawaru
 33403 | Spider:3 | Gained mutation: You are completely covered in iridescent scales. (AC +6) [demonic ancestry]
 33403 | Spider:3 | Reached XP level 16. HP: 123/123 MP: 25/29
 33741 | Spider:3 | Reached skill level 10 in Spellcasting
 33912 | Spider:3 | Received a gift from Okawaru
 34290 | Spider:3 | Found a runed door.
 34291 | Spider:3 | Noticed Caurain's ghost (journeyman DDGl)
 34507 | Spider:3 | HP: 6/124 [poisoned by a scorpion]
 35114 | Spider:4 | Entered Level 4 of the Spider Nest
 35123 | Spider:4 | Received a gift from Okawaru
 35610 | Spider:4 | Reached skill level 14 in Unarmed Combat
 36569 | Spider:4 | Gained mutation: You are immune to freezing clouds. [demonic ancestry]
 36569 | Spider:4 | Reached XP level 17. HP: 80/131 MP: 14/31
 37069 | Spider:4 | Got a gossamer rune of Zot
 37338 | Swamp:1  | Entered Level 1 of the Swamp
 38112 | Swamp:2  | Received a gift from Okawaru
 38492 | Swamp:2  | Noticed a tentacled monstrosity
 38502 | Swamp:2  | Killed a tentacled monstrosity
 39720 | Swamp:4  | Entered Level 4 of the Swamp
 39800 | Swamp:4  | Received a gift from Okawaru
 40995 | Swamp:4  | Got a decaying rune of Zot
 41203 | Swamp:4  | Reached skill level 15 in Unarmed Combat
 41568 | Vaults:1 | Entered Level 1 of the Vaults
 41587 | Vaults:1 | Reached skill level 1 in Evocations
 41590 | Vaults:1 | Reached XP level 18. HP: 72/140 MP: 14/33
 41640 | Vaults:1 | Received a gift from Okawaru
 41905 | Vaults:1 | Noticed Nikola
 41908 | Vaults:1 | Reached skill level 10 in Dodging
 41940 | Vaults:1 | Killed Nikola
 41940 | Vaults:1 | Reached skill level 10 in Armour
 42000 | Vaults:1 | Received a gift from Okawaru
 42994 | Vaults:1 | Reached skill level 5 in Evocations
 43103 | Vaults:1 | Found Qengahuo's General Store.
 43118 | Vaults:1 | Bought a potion of heal wounds for 95 gold pieces
 43346 | Vaults:2 | Found a glowing silver altar of Zin.
 43473 | Vaults:2 | Found a staircase to the Crypt.
 43513 | Vaults:2 | Noticed Saint Roka
 43538 | Vaults:2 | Killed Saint Roka
 43538 | Vaults:2 | Received a gift from Okawaru
 43653 | Vaults:2 | Gained mutation: You have a pair of large horns on your head. [demonic ancestry]
 43653 | Vaults:2 | Reached XP level 19. HP: 148/148 MP: 30/34
 44145 | Vaults:2 | Received a gift from Okawaru
 44666 | Vaults:3 | Noticed Asterion
 44810 | Vaults:3 | Noticed Mara
 44811 | Vaults:3 | Noticed kae's illusion
 44838 | Vaults:3 | Killed Mara
 44840 | Vaults:3 | Reached skill level 16 in Unarmed Combat
 45181 | Vaults:3 | Received a gift from Okawaru
 45321 | Vaults:3 | Killed Asterion
 45857 | Vaults:3 | Noticed Jory
 45872 | Vaults:3 | Killed Jory
 46307 | Vaults:3 | Cast into level 3 of the Abyss (a deep elf demonologist)
 46415 | Abyss:3  | Received a gift from Okawaru
 46463 | Vaults:3 | Escaped the Abyss
 46512 | Vaults:3 | Mangled by a vault warden

Vault maps used:
D:1:      nicolae_arrival_washed_ashore
D:3:      serial_glass, glass_columns_a, glass_columns_a, due_unseen_surprise,
          item_on_display_a, item_on_display_a
D:4:      led_xom_imps, okawaru_ov_weapons_minmay, minmay_door_square
D:5:      gammafunk_cloud_chamber, slow_altar_1, gup_sewer_entry_pipe,
          first_ration, hangedman_decor_growths, lemuel_tele_altar
D:6:      basic_altar, grunt_ministairs_9, guppyfry_shop_venom, uniq_grinder,
          uniq_duvessa, uniq_menkaure
D:7:      minmay_temple_entry_glassed_door
D:8:      uniq_maurice, uniq_erica
D:9:      gammafunk_temple_overflow_arena
D:10:     lair_entry_dummy, grunt_tengu_nest
D:11:     portal_ice_cave_entry_imps, serial_shops, nicolae_shop_waterfront
D:12:     orc_0_dummy, grunt_ashenzari_visionary, uniq_harold, uniq_rupert
D:13:     minmay_bloctagon, st_stairs_14
D:14:     david_vaults_1, serial_shops, shop, hangedman_decor_points,
          minmay_misc_feat_x, grunt_dithmenos_shadows, uniq_josephine,
          uniq_azrael
D:15:     grunt_enter_depths_giant_problem, roderic_roman_lattice
Lair:1:   ebering_ghost_xom, lemuel_fruit_tree, uniq_fannar
Lair:2:   nicolae_swamp_entry_splash_gauntlet, lab_entry_generic,
          kennysheep_abandoned_house, grunt_megastairs_2
Lair:3:   dummy_spider_entry, enter_volcano_1, infiniplex_staircase_pool,
          grunt_megastairs_3
Lair:4:   uniq_nessos, uniq_urug, uniq_snorg
Lair:5:   serial_forest, infiniplex_forest_straight_2, infiniplex_forest_join,
          infiniplex_forest_clump_C, infiniplex_forest_straight_4,
          infiniplex_forest_clump_double, infiniplex_forest_clump_small,
          infiniplex_forest_clump_tiny
Lair:6:   minmay_lair_end_enchanted_forest, slime_altar_2,
          minmay_lair_oklob_chamber
Swamp:1:  evilmike_swamp_ruin_house_1, swamp_pool3
Swamp:2:  cheibrodos_swamp_heart_of_darkness, hangedman_swamp_ruin_wall,
          uniq_donald
Swamp:3:  evilmike_swamp_ruin_house_5, swamp_pool3, nicolae_swamp_rocky_clearing
Swamp:4:  swamp, swamp_pool2, grunt_lady_of_the_lake
Spider:1: zaba_anthell
Spider:3: spiders_nest_a, ebering_ghost_inner_flame
Spider:4: guppyfry_spider_rune, nicolae_spider_cling_ruins
Orc:2:    grunt_orc_tribal_feast
Vaults:1: hangedman_vaults_river_flow, vaults_room_grunt_arrival_ludios,
          v_pattern_4, nicolae_vaults_sealed_display, vaults_room_corners,
          vaults_dpeg_ring, vaults_room_octagon, v_rooms_2, vaults_dpeg_cross,
          vaults_dpeg_diagonal, nicolae_vaults_holding_cells,
          nicolae_vaults_big_angled_halls, vaults_room_hallway, serial_shops,
          shop_statue, uniq_nikola
Vaults:2: nicolae_vaults_ring_of_whatevers, v_misc_23,
          nicolae_vaults_statue_guard, nicolae_vaults_back_hallway,
          vaults_mumra_minichess, nicolae_vaults_yaktaur_gun_rack,
          vaults_mumra_hexcomb, hangedman_vaults_nodes, v_misc_19,
          ontoclasm_vaults_chip, hangedman_vaults_variations,
          ontoclasm_vaults_ring_small, blue_anna_dwarven_crypt,
          nicolae_vaults_rhombus_5, nicolae_vaults_little_ls,
          vaults_room_fancy_cross, basic_altar, uniq_saint_roka
Vaults:3: v_misc_12, grunt_vaults_diagonal, nicolae_vaults_three_branches,
          v_rooms_4, v_misc_30, v_rooms_6, vaults_room_stairs_pillars,
          vaults_room_corners, ontoclasm_vaults_loading_screen, uniq_jory,
          uniq_mara, uniq_asterion
Lab:      labyrinth_spiral, nicolae_lab_checkerboard, labyrinth_glass_2,
          nicolae_lab_arrow, lab_hedge, nicolae_lab_blocks,
          nicolae_lab_very_dead_end, nicolae_lab_quarters, labyrinth_fake_exit
Sewer:    kennysheep_sewer_church

Skill      XL: |  1  2  3  4  5  6  7  8  9 10 11 12 13 14 15 16 17 18 19 |
---------------+----------------------------------------------------------+-----
Transmutations | 2 3 4 5 6 7 8 9 10 11 12 13 14 | 14.5
Unarmed Combat | 3 4 5 6 7 8 9 10 11 12 13 14 15 16 | 16.2
Fighting       | 2 3 4 5 6 7 8 9 10 11 12 13 | 13.8
Spellcasting   | 3 4 5 6 7 8 9 10 11 | 11.0
Invocations    | 2 4 5 7 8 9 10 11 12 13 14 | 14.0
Dodging        | 2 3 5 6 7 8 9 10 11 | 11.7
Armour         | 1 3 4 5 6 7 8 9 10 11 | 11.6
Evocations     | 1 5 7 |  7.7

Action                   |  1- 3 |  4- 6 |  7- 9 | 10-12 | 13-15 | 16-18 | 19-21 || total
-------------------------+-------+-------+-------+-------+-------+-------+-------++-------
Melee: Spear             |    69 |       |       |       |       |       |       ||    69
       Unarmed           |    32 |   127 |   370 |   525 |  1253 |  1262 |   306 ||  3875
       Headbutt          |    13 |    22 |    69 |    82 |   237 |   297 |    71 ||   791
       Kick              |     7 |     8 |    11 |       |       |       |       ||    26
       Punch             |       |     1 |    19 |    17 |    86 |   106 |    31 ||   260
 Cast: Beastly Appendage |     6 |     3 |     8 |       |     1 |       |       ||    18
       Sticks to Snakes  |     1 |     9 |     5 |     1 |     1 |       |       ||    17
       Spider Form       |       |     5 |     8 |    15 |     1 |     2 |       ||    31
       Blade Hands       |       |       |       |    29 |    87 |    83 |    19 ||   218
       Confusing Touch   |       |       |       |     7 |    11 |     7 |     1 ||    26
       Ice Form          |       |       |       |     6 |     8 |    11 |     1 ||    26
Invok: Heroism           |       |       |     1 |    19 |    15 |    17 |     5 ||    57
 Abil: End Transformatio |       |       |       |     2 |     1 |     4 |       ||     7
Evoke: Wand              |       |       |       |    10 |    13 |     7 |       ||    30
  Use: Scroll            |     5 |     6 |     6 |     8 |    14 |     8 |     1 ||    48
       Potion            |       |       |     1 |     6 |     5 |     3 |     1 ||    16
 Stab: Sleeping          |     1 |     2 |     5 |     1 |     5 |     3 |       ||    17
       Distracted        |       |       |     1 |       |     2 |     2 |       ||     5
       Confused          |       |       |       |     3 |     8 |     5 |       ||    16
       Invisible         |       |       |       |     1 |       |       |       ||     1
       Held in net/web   |       |       |       |       |     1 |       |       ||     1
  Eat: Chunk             |     3 |     8 |    10 |    23 |    58 |    37 |    11 ||   150
       Ration            |       |       |     2 |     6 |     5 |     5 |     1 ||    19
Armor: Robe              |    18 |    19 |    41 |       |       |       |       ||    78
       Skin              |       |     6 |    44 |    23 |    45 |    67 |     5 ||   190
       Leather armour    |       |       |    43 |   110 |       |       |       ||   153
       Ring mail         |       |       |       |    24 |   516 |   700 |    93 ||  1333
Dodge: Dodged            |    63 |    69 |   212 |   407 |   863 |  1282 |   374 ||  3270

Table legend:
 A = Spawn XP
 B = Non-spawn XP
 C = Spawn XP percentage of total XP
 D = Spawn monster count
 E = Non-spawn monster count
 F = Spawn count percentage of total count
 G = Total turns spent on level
                    A         B        C        D         E        F      G
               +---------+---------+-------+---------+---------+-------+---------
         Total |    5441 |  453730 |   1.2 |       7 |    1438 |   0.5 | 46512
               +---------+---------+-------+---------+---------+-------+---------
           D:1 |       0 |      56 |   0.0 |       0 |      25 |   0.0 |  1462
           D:2 |       0 |      43 |   0.0 |       0 |      11 |   0.0 |   687
           D:3 |       0 |     153 |   0.0 |       0 |      33 |   0.0 |  1094
           D:4 |       0 |     692 |   0.0 |       0 |      22 |   0.0 |  1159
           D:5 |       0 |     264 |   0.0 |       0 |      15 |   0.0 |   963
           D:6 |       0 |    1061 |   0.0 |       0 |      29 |   0.0 |  1028
           D:7 |       0 |    1218 |   0.0 |       0 |      32 |   0.0 |   868
           D:8 |       0 |    1837 |   0.0 |       0 |      14 |   0.0 |   969
           D:9 |       0 |    2008 |   0.0 |       0 |      20 |   0.0 |  1112
          D:10 |       0 |    2556 |   0.0 |       0 |      30 |   0.0 |  1357
          D:11 |       0 |    4571 |   0.0 |       0 |      34 |   0.0 |  1076
          D:12 |       0 |    9420 |   0.0 |       0 |      33 |   0.0 |  1849
          D:13 |       0 |   17169 |   0.0 |       0 |      59 |   0.0 |  1530
          D:14 |       0 |    9453 |   0.0 |       0 |      33 |   0.0 |  1231
          D:15 |       0 |   12000 |   0.0 |       0 |      28 |   0.0 |   930
        Lair:1 |       0 |    6797 |   0.0 |       0 |      17 |   0.0 |  2245
        Lair:2 |       0 |    3822 |   0.0 |       0 |      29 |   0.0 |  1406
        Lair:3 |       0 |    5368 |   0.0 |       0 |      22 |   0.0 |  1390
        Lair:4 |       0 |    8589 |   0.0 |       0 |      26 |   0.0 |  1864
        Lair:5 |       0 |    1678 |   0.0 |       0 |       5 |   0.0 |   653
        Lair:6 |       0 |   13907 |   0.0 |       0 |      73 |   0.0 |  2072
       Swamp:1 |       0 |    8980 |   0.0 |       0 |      24 |   0.0 |   708
       Swamp:2 |       0 |   10254 |   0.0 |       0 |      19 |   0.0 |   797
       Swamp:3 |       0 |    6793 |   0.0 |       0 |      19 |   0.0 |   932
       Swamp:4 |       0 |   36177 |   0.0 |       0 |      70 |   0.0 |  1578
      Spider:1 |       0 |   18389 |   0.0 |       0 |      80 |   0.0 |  1777
      Spider:2 |       0 |   15602 |   0.0 |       0 |      48 |   0.0 |  1116
      Spider:3 |       0 |   39641 |   0.0 |       0 |     114 |   0.0 |  1732
      Spider:4 |       0 |   29758 |   0.0 |       0 |      62 |   0.0 |  2115
         Orc:1 |       0 |    3174 |   0.0 |       0 |      49 |   0.0 |   604
         Orc:2 |       0 |    9470 |   0.0 |       0 |      55 |   0.0 |  1452
      Vaults:1 |       0 |   77867 |   0.0 |       0 |     132 |   0.0 |  1760
      Vaults:2 |       0 |   39179 |   0.0 |       0 |      67 |   0.0 |  1562
      Vaults:3 |       0 |   49699 |   0.0 |       0 |      58 |   0.0 |  1466
       Abyss:3 |    5441 |    2328 |  70.0 |       7 |       5 |  58.3 |   156
           Lab |       0 |    3119 |   0.0 |       0 |       9 |   0.0 |  1062
         Sewer |       0 |     638 |   0.0 |       0 |      37 |   0.0 |   750
               +---------+---------+-------+---------+---------+-------+---------
